 Dungeon Crawl Stone Soup version 0.31-a0-210-gccc998df9b (webtiles) character file.

Game seed: 16486610566447169059

2 Ymiko097 the Caller (level 1, 0/10 HPs)
             Began as a Kobold Summoner on June 30, 2023.
             Frozen to death by an endoplasm (3 damage)
             ... on level 1 of the Dungeon.
             The game lasted 00:06:16 (302 turns).

Ymiko097 the Caller (Kobold Summoner)                Turns: 302, Time: 00:06:17

Health: 0/10       AC:  2    Str:  5    XL:     1   Next: 44%
Magic:  3/3        EV: 15    Int: 16    God:
Gold:   0          SH:  0    Dex: 15    Spells: 3/4 levels left

rFire   . . .        (weapon restricted)
rCold   . . .        (no shield)
rNeg    . . .        a - +0 robe
rPois   .            (no helmet)
rElec   .            (no cloak)
rCorr   .            (no gloves)
SInv    .            (no boots)
Will    .....        d - amulet of magic regeneration
Stlth   +++          (no ring)
HPRegen 0.21/turn    (no ring)
MPRegen 0.48/turn

%: no passive effects
@: no status effects
A: small, no large weapons, nightstalker 3
a: no special abilities


You were on level 1 of the Dungeon.
You visited 1 branch of the dungeon, and saw 1 of its levels.

Inventory:

Armour
 a - a +0 robe (worn)
Jewellery
 d - an amulet of magic regeneration (around neck)
Scrolls
 f - a scroll of silence {unknown}
Potions
 b - a potion of magic
 c - a potion of brilliance {unknown}
 e - a potion of heal wounds {unknown}
 g - a potion of curing {unknown}


   Skills:
 + Level 2.4 Dodging
 + Level 2.8 Stealth
 + Level 2.1 Spellcasting
 + Level 4.1 Summonings


You had 3 spell levels left.
You knew the following spells:

 Your Spells              Type           Power      Damage    Failure   Level
a - Summon Small Mammal   Summ           56%        N/A       3%          1

Your spell library contained the following spells:

 Spells                   Type           Power      Damage    Failure   Level
 Call Imp                 Summ           28%        N/A       6%          2
 Call Canine Familiar     Summ           14%        N/A       12%         3
 Summon Guardian Golem    Hex/Summ       8%         N/A       26%         3
 Summon Lightning Spire   Summ/Air       8%         N/A       65%         4


Dungeon Overview and Level Annotations

Branches:
Dungeon (1/15)

Altars:


Innate Abilities, Weirdness & Mutations

You are small and have problems with some larger weapons.
You are completely attuned to the shadows.


Message History

You kill the ball python!
The frilled lizard barely misses you.
You hit the frilled lizard.
The frilled lizard is heavily wounded.
The frilled lizard barely misses you.
You barely miss the frilled lizard.
The frilled lizard is heavily wounded.
The frilled lizard bites you.
You hit the frilled lizard.
You kill the frilled lizard!
You see here a frilled lizard corpse.
You see here a frilled lizard corpse.
There is a stone staircase leading down here.
Things that are here:
a +0 club; a goblin corpse
There is a stone staircase leading down here.
Things that are here:
a +0 club; a goblin corpse
There is a stone staircase leading down here.
Things that are here:
a +0 club; a goblin corpse A hobgoblin comes into view.
An endoplasm comes into view.
The endoplasm quivers.
The endoplasm hits you but does no damage.
You hit the endoplasm but do no damage. The endoplasm freezes you.
You are frozen.
Ouch! That really hurt!
You barely miss the endoplasm. The endoplasm freezes you.
You are frozen.
* * * LOW HITPOINT WARNING * * *
You hit the endoplasm but do no damage.
The endoplasm hits you but does no damage.
You hit the endoplasm but do no damage.
The hobgoblin shouts!
The endoplasm freezes you.
You are frozen.
You die...

##.#.##..........
...# ##..........
#### ##.........
.... #.........
..#
#........g..##
.##
#............. ##
#............. #
#............. #
#........@J... #
#............. #
#.............
#####+###....#
.....#


You could see an endoplasm and a hobgoblin.

Vanquished Creatures
  A ball python (D:1)
  A frilled lizard (D:1)
  A goblin (D:1)
  A rat (D:1)
4 creatures vanquished.

Notes
Turn   | Place    | Note
-------+----------+-------------------------------------------
     0 | D:1      | Ymiko097 the Kobold Summoner began the quest for the Orb.
     0 | D:1      | Reached XP level 1. HP: 10/10 MP: 3/3
   302 | D:1      | Frozen to death by an endoplasm

Illustrated notes

Levels and vault maps discovered:
D:1:      matt_arrival_grand_opening, layout_basic, minmay_misc_feat_cross,
          kennysheep_crisscross, minmay_tetromino_o4

Action                     || total
---------------------------++-------
  Melee: Unarmed           ||    22
   Stab: Sleeping          ||     2
 Armour: Robe              ||     5
  Dodge: Dodged            ||    12

Table legend: (Time is in decaauts)
 A = Elapsed time spent in this place.
 B = Non-inter-level travel time spent in this place.
 C = Inter-level travel time spent in this place.
 D = Time resting spent in this place.
 E = Time spent auto-exploring this place.
 F = Levels seen in this place.
 G = Mean time per level.
                   A        B        C        D        E       F      G
               +--------+--------+--------+--------+--------+-----+--------+
         Total |    302 |     87 |    215 |      0 |      0 |   1 |  302.0 |
       Dungeon |    302 |     87 |    215 |      0 |      0 |   1 |  302.0 |
               +--------+--------+--------+--------+--------+-----+--------+

Top non-repeatable levels by time:
     D:1: 302 daAuts
